 Dungeon Crawl Stone Soup version 0.18-a0-1088-g34ef3a2 (webtiles) character file.

1134 gorblad the Fighter (level 8, 0/71 HPs)
             Began as a Mummy Fighter on Jan 16, 2016.
             Slain by a killer bee (3 damage)
             ... on level 6 of the Dungeon.
             The game lasted 00:10:35 (5114 turns).

gorblad the Fighter (Mummy Fighter)                 Turns: 5114, Time: 00:10:36

Health: 0/71       AC: 13    Str: 21    XL:     8   Next: 14%
Magic:  17/17      EV:  3    Int:  7    God:
Gold:   167        SH:  9    Dex: 12    Spells: 0 memorised, 7 levels left

rFire  x x .     SeeInvis +     a - +0 war axe
rCold  + + .     Gourm    .     p - +0 plate armour
rNeg   + + +     Faith    .     c - +0 shield
rPois  ∞         Spirit   .     m - +1 helmet {SInv}
rElec  .         Dismiss  .     (no cloak)
rCorr  .         Reflect  .     (no gloves)
SustAt .         Harm     .     (no boots)
MR     +....                    (no amulet)
Stlth  ..........               l - ring of ice
                                i - ring of magical power

@: very slightly contaminated, somewhat resistant to hostile enchantments,
extremely unstealthy
A: no food or potions, fire vulnerability, cold resistance 1, negative energy
resistance 3, torment resistance, unbreathing
a: no special abilities


You were on level 6 of the Dungeon.
You were not hungry.

You visited 1 branch of the dungeon, and saw 6 of its levels.

You collected 279 gold pieces.
You spent 112 gold pieces at shops.

Inventory:

Hand Weapons
 a - a +0 war axe (weapon)
Armour
 c - a +0 shield (worn)
 m - a +1 helmet of see invisible (worn)
 p - a +0 plate armour (worn)
Jewellery
 i - a ring of magical power (left hand)
 k - an uncursed ring of protection from fire {unknown}
 l - a ring of ice (right hand)
Wands
 g - a wand of enslavement (6/24)
Scrolls
 d - a scroll of magic mapping
 e - 2 scrolls of teleportation
 h - 3 scrolls of remove curse
 o - a scroll of random uselessness


   Skills:
 - Level 9.1 Fighting
 - Level 1.5 Axes
 + Level 3.4 Armour
 + Level 3.5 Shields


You had 7 spell levels left.
You didn't know any spells.

Dungeon Overview and Level Annotations

Branches:
Dungeon (6/15)
 Temple: D:4-7

Altars:
Makhleb
Nemelex Xobeh
Sif Muna
Yredelemnul
The Shining One

Shops:
D:6 ([:(


Innate Abilities, Weirdness & Mutations

You do not eat or drink.
Your flesh is vulnerable to fire.
You are immune to poison.
Your flesh is cold resistant.
You are immune to negative energy.
You are immune to unholy pain and torment.
You can survive without breathing.


Message History

The killer bee stings you.
* * * LOW HITPOINT WARNING * * *
You see here a ball python corpse.
You closely miss the killer bee.
The killer bee is severely wounded.
You hit the killer bee but do no damage.
You block the killer bee's attack.
The killer bee stings you but does no damage. x3
The killer bee stings you.
* * * LOW HITPOINT WARNING * * *
You block the killer bee's attack.
Your plate armour prevents you from hitting the killer bee.
The killer bee is severely wounded.
You closely miss the killer bee. You block the killer bee's attack.
The killer bee stings you but does no damage.
The killer bee stings you.
* * * LOW HITPOINT WARNING * * *
The killer bee stings you but does no damage. x2
The killer bee stings you.
You die...

##....# #.#####
#...#.#####.#...
#....!........
##..∩.....#.#########
................#...
#.#######.#.###.#(#
....# #.#.###...#
###.### #.#.......#
#..%# #.######@##
###.###.# #yy#
#.....# ##y# #######
#y# #F## #..# ##.##
#..# ##.##


You could see a giant frog and 4 killer bees.

Vanquished Creatures
  Sigmund (D:5)
  An ice beast (D:6)
  An orc warrior (D:6)
  An ogre (D:5)
  3 centaurs
  A crimson imp (D:5)
  2 hounds
  A jelly (D:4)
  An orc wizard (D:6)
  4 worker ants
  A worker ant zombie (D:5)
  4 gnolls (D:5)
  10 adders
  A giant gecko (D:3)
  11 orcs
  A ball python (D:6)
  9 bats
  4 giant cockroaches
  5 goblins
  4 hobgoblins
  10 jackals
  2 quokkas
  A giant gecko skeleton (D:5)
  A giant gecko zombie (D:6)
  2 giant newts
  5 kobolds
  13 rats
100 creatures vanquished.

Notes
Turn   | Place    | Note
--------------------------------------------------------------
     0 | D:1      | gorblad the Mummy Fighter began the quest for the Orb.
     0 | D:1      | Reached XP level 1. HP: 18/18 MP: 1/1
   564 | D:2      | Reached XP level 2. HP: 18/24 MP: 2/2
   873 | D:2      | Reached skill level 4 in Fighting
  1026 | D:2      | Reached XP level 3. HP: 22/31 MP: 3/3
  1597 | D:2      | Reached XP level 4. HP: 38/38 MP: 4/4
  1625 | D:2      | Reached skill level 5 in Fighting
  1679 | D:3      | Found a sparkling altar of Nemelex Xobeh.
  1970 | D:3      | Found a glowing golden altar of the Shining One.
  2495 | D:4      | Reached XP level 5. HP: 41/46 MP: 5/5
  2557 | D:4      | Reached skill level 6 in Fighting
  2809 | D:4      | Found a deep blue altar of Sif Muna.
  3016 | D:5      | Entered Level 5 of the Dungeon
  3016 | D:5      | Noticed Sigmund
  3582 | D:5      | Killed Sigmund
  3582 | D:5      | Reached skill level 7 in Fighting
  3582 | D:5      | Reached XP level 6. HP: 44/55 MP: 6/6
  3782 | D:5      | Found a basalt altar of Yredelemnul.
  3842 | D:5      | Reached skill level 8 in Fighting
  3842 | D:5      | Reached XP level 7. HP: 26/62 MP: 7/7
  4414 | D:5      | Reached skill level 9 in Fighting
  4560 | D:5      | Found a deep blue altar of Sif Muna.
  4560 | D:5      | Found a burning altar of Makhleb.
  4622 | D:6      | Found Pikkaq's Antique Armour Shoppe.
  4625 | D:6      | Found Afaunwoq's Book Shoppe.
  4998 | D:6      | Reached XP level 8. HP: 56/71 MP: 8/8
  5010 | D:6      | Bought a glowing helmet for 112 gold pieces
  5027 | D:6      | Found Elievonga's Antique Weapon Emporium.
  5066 | D:6      | Found Upuirigi's Antique Weapon Emporium.
  5114 | D:6      | HP: 3/71 [killer bee (3)]
  5114 | D:6      | Slain by a killer bee

Vault maps used:
D:1:      dpeg_arrival_lava_altar, st_stairs_3
D:2:      wad_lake_hut, st_stairs_8
D:3:      nemelex_deck, overflow_temple_1_default, first_bread
D:4:      lemuel_blue_sif_altar
D:5:      overflow_temple_1_default, gammafunk_temple_overflow_elements,
          uniq_sigmund
D:6:      minmay_temple_entry_poolview, serial_shops, shop_coins, shop,
          nicolae_shop_stone, nicolae_shop_window_shopping, shop,
          minmay_item_behind_shaft, uniq_menkaure

Action                   |  1- 3 |  4- 6 |  7- 9 || total
-------------------------+-------+-------+-------++-------
Melee: War axe           |   114 |   201 |   169 ||   484
  Use: Scroll            |     1 |    10 |     3 ||    14
